 Dungeon Crawl Stone Soup version 0.29-a0-506-ga2e7fffb44 (webtiles) character file.

Game seed: 385554237667975205

27677 happo123 the Covert (level 13, -6/76 HPs)
             Began as a Kobold Enchanter on May 28, 2022.
             Was the Champion of Fedhas.
             Mangled by a sixfirhy (12 damage)
             ... summoned by an orc high priest
             ... on level 2 of the Orcish Mines.
             The game lasted 02:18:01 (19148 turns).

happo123 the Covert (Kobold Enchanter)             Turns: 19148, Time: 02:18:02

Health: -6/76      AC: 13    Str:  5    XL:     13   Next: 67%
Magic:  18/24      EV: 23    Int: 21    God:    Fedhas [******]
Gold:   1746       SH:  0    Dex: 20    Spells: 12/26 levels left

rFire   . . .      SeeInvis .   e - +0 short sword (protect)
rCold   . . .      Faith    .   (no shield)
rNeg    . . .      Spirit   .   u - +2 leather armour {Will+}
rPois   .          Reflect  .   U - +2 hat {Stlth+}
rElec   .          Harm     .   p - +2 cloak {rCorr}
rCorr   +          Rampage  .   (no gloves)
Will    +....                   h - +1 pair of boots
Stlth   ++++++++..              (no amulet)
HPRegen 0.22/turn               f - +4 ring of evasion
MPRegen 0.19/turn               H - ring of wizardry

@: no status effects
A: small, no large weapons, nightstalker 3, antennae 1, thin skeletal structure
1, agile 1
a: Renounce Religion, Wall of Briars, Grow Ballistomycete, Overgrow, Grow Oklob


You were on level 2 of the Orcish Mines.
You worshipped Fedhas.
Fedhas was exalted by your worship.
You visited 3 branches of the dungeon, and saw 15 of its levels.
You also visited: Ossuary and Bailey.

You collected 1746 gold pieces.

Inventory:

Hand Weapons
 e - a +0 short sword of protection (weapon)
 s - a +2 dagger of protection
 t - a +0 dagger of holy wrath
 R - a +0 hand crossbow
Missiles
 F - 2 throwing nets
Armour
 h - a +1 pair of boots (worn)
 p - a +2 cloak of preservation (worn)
 q - a +2 leather armour of cold resistance
 u - a +2 leather armour of willpower (worn)
 U - a +2 hat of stealth (worn)
Magical Staves
 E - a staff of death
Jewellery
 f - a +4 ring of evasion (left hand)
 j - a ring of wizardry
 C - a ring of flight
 H - a ring of wizardry (right hand)
 T - a +6 ring of dexterity
 V - a ring of ice
 W - a ring of protection from fire
 Y - an amulet of guardian spirit
Wands
 a - a wand of digging (6)
 b - a wand of acid (5)
 m - a wand of paralysis (6)
 r - a wand of mindburst (22)
 v - a wand of polymorph (6)
Scrolls
 c - 4 scrolls of teleportation
 i - 6 scrolls of fear
 l - 2 scrolls of brand weapon
 n - 3 scrolls of enchant weapon
 o - a scroll of acquirement {unknown}
 x - a scroll of blinking
 y - 4 scrolls of summoning
 A - 3 scrolls of fog
 D - 2 scrolls of poison
 G - a scroll of noise {unknown}
 J - a scroll of immolation {unknown}
 K - 3 scrolls of amnesia
 L - a scroll of enchant armour {unknown}
 M - a scroll of magic mapping {unknown}
 Z - a scroll of torment {unknown}
Potions
 d - a potion of flight {unknown}
 g - 4 potions of lignification
 k - a potion of heal wounds {unknown}
 w - a potion of attraction {unknown}
 B - 2 potions of invisibility
 I - 3 potions of curing
 N - a potion of magic {unknown}
 O - 2 potions of haste
 P - a potion of cancellation {unknown}
 S - a potion of might {unknown}
 X - 3 potions of resistance {unknown}


   Skills:
 + Level 7.5 Fighting
 + Level 9.2 Short Blades
 + Level 6.3 Crossbows
 + Level 5.2 Armour
 + Level 9.0 Dodging
 + Level 11.0 Stealth
 + Level 7.4 Spellcasting
 * Level 10.6 Hexes
 + Level 4.5 Summonings
 * Level 8.8 Invocations


You had 12 spell levels left.
You knew the following spells:

 Your Spells              Type           Power      Damage    Failure   Level
a - Ensorcelled Hibernat  Hex/Ice        60%        N/A       1%          2
b - Tukima's Dance        Hex            51%        N/A       1%          3
c - Confusing Touch       Hex            51%        N/A       1%          3
d - Dazzling Flash        Conj/Hex       60%        N/A       1%          3
e - Summon Guardian Gole  Hex/Summ       39%        N/A       1%          3

Your spell library contained the following spells:

 Spells                   Type           Power      Damage    Failure   Level
 Summon Small Mammal      Summ           100%       N/A       1%          1
 Call Imp                 Summ           27%        N/A       1%          2
 Apportation              Tloc           14%        N/A       5%          1
 Magic Dart               Conj           28%        1d4       5%          1
 Necrotize                Necr           28%        1d5       5%          1
 Poisonous Vapours        Pois/Air       14%        N/A       9%          2
 Scorch                   Fire           14%        2d6       9%          2
 Mephitic Cloud           Conj/Pois/Air  7%         N/A       16%         3
 Silence                  Hex/Air        15%        N/A       16%         5
 Corpse Rot               Necr/Pois/Air  7%         N/A       45%         4
 Flame Wave               Conj/Fire      7%         2d5       45%         4
 Summon Cactus Giant      Summ           13%        N/A       73%         6
 Agony                    Necr           7%         N/A       78%         5
 Orb of Destruction       Conj           3%         9d5       100%        7
 Spellforged Servitor     Conj/Summ      8%         N/A       100%        7


Dungeon Overview and Level Annotations

Branches:
Dungeon (12/15)            Temple (1/1) D:5            Lair (0/6) D:11
    Orc (2/2) D:11            Elf (0/3) Orc:2       Ossuary (visited)
 Bailey (visited)

Altars:
Ashenzari
Cheibriados
Dithmenos
Elyvilon
Fedhas
Gozag
Hepliaklqana
Kikubaaqudgha
Makhleb
Nemelex Xobeh
Okawaru
Qazlal
Ru
Sif Muna
Trog
Uskayaw
Vehumet
Wu Jian
Xom
Yredelemnul
Zin
The Shining One
Beogh

Shops:
D:8 *

Annotations:
D:5 3 runed translucent doors, SirDiesAlot's ghost, novice DECj; benadryl's ghost, amateur TrTm; roflturtle's ghost, novice TeFE; royokou's ghost, novice TrFi; sammy202020's ghost, novice MiFi


Innate Abilities, Weirdness & Mutations

You are small and have problems with some larger weapons.
You are completely attuned to the shadows.
You have a pair of small antennae on your head.
You have a somewhat thin skeletal structure. (Dex +2, Stealth+)
You are agile. (Dex +2)


Message History

Items here: ( )))))))))) [[[[[ ÷÷.
The sixfirhy completely misses you. The sixfirhy misses you.
The ynoxinul gestures.
The sixfirhy misses you.
The orc high priest barely misses the ynoxinul.
The ynoxinul gestures.
The orange demon closely misses you. The orange demon completely misses you.
The sixfirhy attacks as you move away! The sixfirhy closely misses you.
The orange demon attacks as you move away!
The orange demon stings you! The orange demon completely misses you.
The orange demon stings you but does no damage.
The ufetubus hits you. The ufetubus completely misses you.
The orc high priest cries.
A briar patch grows up from the ground. x7; The sixfirhy hits your briar patch!
The sixfirhy shocks your briar patch!
The ynoxinul gestures.
The orange demon stings you but does no damage.
The ufetubus misses you. x2; The sixfirhy hits your briar patch!
Your briar patch is destroyed!
Your briar patch disappears in a puff of smoke!
You walk carefully through the plants.
The sixfirhy completely misses you. The sixfirhy hits you.
The sixfirhy shocks you! The sixfirhy hits you.
* * * LOW HITPOINT WARNING * * *
The sixfirhy shocks you!
* * * LOW HITPOINT WARNING * * *
The ufetubus hits your briar patch but does no damage. x2
The ufetubus completely misses your briar patch.
The ufetubus hits your briar patch but does no damage.
The sixfirhy hits you but does no damage.
Something hits your briar patch.
The orc high priest hits the ufetubus with a +0 scimitar!
The ufetubus is killed!
The ufetubus disappears in a puff of smoke!
The ufetubus hits your briar patch.
The ufetubus hits your briar patch but does no damage.
The sixfirhy attacks as you move away! The sixfirhy hits you.
* * * LOW HITPOINT WARNING * * *
The sixfirhy shocks you!
You die...
Fedhas appreciates your contribution to the ecosystem.

##........#...........
#..................... ##
##.................... .##
##.......3........... ..##
###.....o............ ...#
##.#.#5{§3.......[.... ..####
###....PP45[............ .##..#
##.#....P3P#[............
....#####.......@P5.#............
......#....######################
.......)..## ........###
....#....# ...####.## ....# ###
...## ..##


You could see an orc high priest (confused, ally target), an orange demon
(summoned), a sixfirhy (summoned), a ynoxinul (summoned) and 3 ufetubi.

Vanquished Creatures
  Gastronok (D:8)
  2 orc warlords (Orc:2)
  Snorg (D:11)
  A boulder beetle (D:11)
  2 two-headed ogres (D:11)
  2 orc high priests
  An orc knight (Bailey)
  3 cyclopes
  2 orc sorcerers (Orc:2)
  A manticore (D:12)
  A komodo dragon (D:11)
  A kobold demonologist (D:12)
  3 trolls
  A meliai (shapeshifter) (D:8)
  Grinder (D:4)
  4 slime creatures
  2 shadows
  Sigmund (D:2)
  2 wraiths
  4 wyverns
  4 yaks (D:11)
  4 humans (D:9)
  A vampire mosquito (D:8)
  3 basilisks
  Menkaure (D:4)
  5 wargs
  Edmund (D:5)
  5 water moccasins
  A sky beast (D:8)
  41 orc warriors
  The ghost of jshih the Covered, an amateur MiFi (D:3)
  An ice beast (D:6)
  7 ogres
  4 centaurs
  2 phantoms
  A bullfrog (D:9)
  An elf zombie (Ossuary)
  5 kobold brigands
  4 scorpions
  2 elf skeletons (D:6)
  A necrophage (D:6)
  5 wights (D:5)
  8 killer bees (D:9)
  An electric eel (D:6)
  2 howler monkeys
  3 centaur zombies (Ossuary)
  4 hounds
  23 orc priests
  A jelly (D:4)
  Crazy Yiuf (D:2)
  4 human zombies
  2 human skeletons (D:6)
  3 iguanas
  Terence (D:3)
  Ijyb (D:3)
  25 orc wizards
  A scorpion zombie (D:4)
  A hound zombie (D:4)
  2 hound skeletons (D:4)
  3 mummies (Ossuary)
  15 gnolls
  9 adders
  2 white imps
  An ufetubus (D:5)
  5 adder zombies
  2 dart slugs
  127 orcs
  9 bats
  10 endoplasms
  5 giant cockroaches
  A gnoll zombie (Ossuary)
  9 goblins
  2 hobgoblins
  2 jackals
  3 quokkas
  9 ball pythons
  4 frilled lizards
  A goblin zombie (Ossuary)
  2 hobgoblin zombies (Ossuary)
  3 jackal zombies (Ossuary)
  23 kobolds
  6 kobold zombies (Ossuary)
  2 orc skeletons (D:6)
  5 orc zombies
  4 quokka zombies
  5 rats
  4 rat zombies (Ossuary)
492 creatures vanquished.

Vanquished Creatures (collateral kills)
  An orc warlord (Orc:1)
  A warg (Orc:1)
  An orc warrior (Orc:1)
  An orc wizard (Orc:2)
  4 orcs
  4 ballistomycete spores (Orc:2)
12 creatures vanquished.

Vanquished Creatures (others)
  An orc warlord (Orc:1)
  A troll (Orc:1)
  3 dancing weapons
  5 orc warriors
  2 orc priests
  2 orc wizards (Orc:1)
  An orc (Orc:1)
  2 bushes (D:11)
  5 fungi (D:11)
  27 plants (D:11)
49 creatures vanquished.

Grand Total: 553 creatures vanquished

Notes
Turn   | Place    | Note
-------+----------+-------------------------------------------
     0 | D:1      | happo123 the Kobold Enchanter began the quest for the Orb.
     0 | D:1      | Reached XP level 1. HP: 10/10 MP: 3/3
   174 | D:1      | Noticed a floating eye
   175 | D:1      | Found a faded altar of an unknown god.
   175 | D:1      | Noticed an eye of devastation
   178 | D:1      | Noticed an eye of devastation
   178 | D:1      | Noticed a golden eye
   180 | D:1      | Reached XP level 2. HP: 15/15 MP: 5/5
   183 | D:1      | Learned a level 2 spell: Ensorcelled Hibernation
   382 | D:1      | Reached XP level 3. HP: 20/20 MP: 6/6
   386 | D:1      | Learned a level 3 spell: Tukima's Dance
   775 | D:2      | Reached XP level 4. HP: 24/24 MP: 7/7
   929 | D:2      | Reached skill level 1 in Fighting
   934 | D:2      | Learned a level 3 spell: Confusing Touch
  1260 | D:2      | Reached XP level 5. HP: 4/29 MP: 1/9
  1604 | D:2      | Found a runed translucent door.
  1607 | D:2      | Noticed Crazy Yiuf
  1617 | D:2      | Killed Crazy Yiuf
  1902 | D:2      | Noticed Sigmund
  2501 | D:2      | Killed Sigmund
  2502 | D:2      | Reached skill level 5 in Stealth
  2502 | D:2      | Reached XP level 6. HP: 28/35 MP: 7/10
  2526 | D:2      | Learned a level 3 spell: Dazzling Flash
  2567 | D:3      | Noticed an ogre
  2597 | D:3      | Killed an ogre
  2598 | D:3      | Reached XP level 7. HP: 40/40 MP: 8/11
  2859 | D:3      | Found a stormy altar of Qazlal.
  2931 | D:3      | Reached skill level 5 in Hexes
  2971 | D:3      | Found a transporter.
  2974 | D:3      | Noticed jshih's ghost (amateur MiFi)
  2981 | D:3      | Identified the +8 giant spiked club of Eceqaxt {venom,
                  | Str+2 Int+3}
  3117 | D:3      | Noticed Ijyb
  3121 | D:3      | Killed Ijyb
  3212 | D:3      | Noticed Terence
  3215 | D:3      | Killed Terence
  3245 | D:3      | Identified the +5 ring mail of Wasted Space {Rampage *Slow
                  | Dex+5}
  3529 | D:3      | Reached XP level 8. HP: 28/45 MP: 6/13
  3530 | D:3      | Killed jshih's ghost
  3531 | D:3      | Reached skill level 1 in Armour
  3677 | D:3      | Found a transporter.
  3738 | D:4      | Reached skill level 6 in Stealth
  3762 | D:4      | Noticed Grinder
  3763 | D:4      | Paralysed by Grinder for 5 turns
  3772 | D:4      | Paralysed by Grinder for 2 turns
  3794 | D:4      | Killed Grinder
  4571 | D:4      | Noticed Menkaure
  4581 | D:4      | Killed Menkaure
  4582 | D:4      | Reached skill level 5 in Dodging
  4863 | D:4      | Reached XP level 9. HP: 49/52 MP: 15/15
  4931 | D:4      | Reached skill level 5 in Short Blades
  5466 | D:5      | Entered Level 5 of the Dungeon
  5491 | D:5      | Reached skill level 7 in Stealth
  5986 | D:5      | Noticed Edmund
  5990 | D:5      | Killed Edmund
  6027 | D:5      | Found a staircase to the Ecumenical Temple.
  6033 | Temple   | Entered the Ecumenical Temple
  6272 | Temple   | Became a worshipper of Fedhas Madash
  6308 | D:5      | Found a runed translucent gate.
  6308 | D:5      | Found a runed translucent gate.
  6310 | D:5      | Found a runed translucent gate.
  6311 | D:5      | Noticed royokou's ghost (novice TrFi)
  6314 | D:5      | Noticed roflturtle's ghost (novice TeFE)
  6316 | D:5      | Noticed benadryl's ghost (amateur TrTm)
  6317 | D:5      | Noticed sammy202020's ghost (novice MiFi)
  6318 | D:5      | Noticed SirDiesAlot's ghost (novice DECj)
  6338 | D:5      | Found a white marble altar of Elyvilon.
  6774 | D:5      | Learned a level 3 spell: Summon Guardian Golem
  6781 | D:6      | Reached skill level 1 in Invocations
  7104 | D:6      | Reached skill level 5 in Spellcasting
  7139 | D:6      | Reached * piety under Fedhas
  7143 | D:6      | Found a sand-covered staircase.
  7148 | Ossuary  | Entered an ossuary
  7421 | Ossuary  | Reached ** piety under Fedhas
  7555 | Ossuary  | Reached XP level 10. HP: 57/58 MP: 7/17
  7896 | D:6      | Found a shimmering blue altar of Sif Muna.
  7906 | D:6      | Found an ancient bone altar of Kikubaaqudgha.
  7921 | D:6      | Found a radiant altar of Vehumet.
  8866 | D:7      | Found a flagged portal.
  8885 | Bailey   | Entered a bailey
  8952 | Bailey   | Reached skill level 8 in Stealth
  9148 | Bailey   | Reached *** piety under Fedhas
  9210 | Bailey   | Noticed an orc knight
  9410 | Bailey   | Reached skill level 5 in Fighting
  9427 | Bailey   | Identified the +0 fire dragon scales "Keamp" {rF++ rC-
                  | MP+9}
  9446 | Bailey   | Killed an orc knight
  9655 | D:7      | Gained mutation: You are robust. (+10% HP) [potion of
                  | mutation]
  9655 | D:7      | Gained mutation: You are occasionally teleported next to
                  | monsters. [potion of mutation]
  9656 | D:7      | Lost mutation: You are occasionally teleported next to
                  | monsters. [potion of mutation]
  9656 | D:7      | Lost mutation: You are robust. (+10% HP) [potion of
                  | mutation]
  9656 | D:7      | Gained mutation: You have a somewhat thin skeletal
                  | structure. (Dex +2, Stealth+) [potion of mutation]
  9656 | D:7      | Gained mutation: You are agile. (Dex +2) [potion of
                  | mutation]
  9656 | D:7      | Gained mutation: You have a pair of small antennae on your
                  | head. [potion of mutation]
 10737 | D:8      | Found a bloodstained altar of Trog.
 11025 | D:8      | Noticed Gastronok
 11054 | D:8      | Killed Gastronok
 11055 | D:8      | Reached skill level 1 in Crossbows
 11055 | D:8      | Reached skill level 1 in Summonings
 11055 | D:8      | Reached skill level 5 in Invocations
 11055 | D:8      | Reached XP level 11. HP: 60/64 MP: 16/19
 11082 | D:8      | Reached **** piety under Fedhas
 11333 | D:8      | Reached skill level 9 in Stealth
 11343 | D:8      | Noticed a cyclops
 11351 | D:8      | Killed a cyclops
 11666 | D:8      | Found Puaqemn's Fire Supplies.
 12928 | D:9      | Reached ***** piety under Fedhas
 13173 | D:10     | Entered Level 10 of the Dungeon
 13840 | D:11     | Noticed a two-headed ogre
 13844 | D:11     | Killed a two-headed ogre
 13879 | D:11     | Reached XP level 12. HP: 70/70 MP: 21/21
 13990 | D:11     | Found a staircase to the Orcish Mines.
 14107 | D:11     | Noticed Snorg
 14125 | D:11     | Killed Snorg
 14349 | D:11     | Noticed a two-headed ogre
 14364 | D:11     | Killed a two-headed ogre
 14429 | D:11     | Found a staircase to the Lair.
 14432 | D:11     | You fall into a shaft and drop 1 floor!
 14727 | D:12     | Reached skill level 10 in Stealth
 15111 | D:11     | Noticed a boulder beetle
 15123 | D:11     | Killed a boulder beetle
 15371 | Orc:1    | Entered Level 1 of the Orcish Mines
 15386 | Orc:1    | Reached ****** piety under Fedhas
 15439 | Orc:1    | Reached skill level 5 in Crossbows
 15615 | Orc:1    | Noticed an orc warlord
 15809 | Orc:1    | Killed an orc warlord
 15810 | Orc:1    | Reached skill level 10 in Hexes
 15810 | Orc:1    | Reached XP level 13. HP: 16/76 MP: 6/23
 16198 | Orc:1    | Noticed an orc warlord
 16257 | Orc:1    | Killed an orc warlord
 16998 | Orc:2    | Entered Level 2 of the Orcish Mines
 17051 | Orc:2    | Reached skill level 5 in Armour
 17213 | Orc:2    | Noticed an orc warlord
 17348 | Orc:2    | Killed an orc warlord
 17919 | Orc:2    | Found a staircase to the Elven Halls.
 17927 | Orc:2    | Noticed an orc warlord
 17969 | Orc:2    | Killed an orc warlord
 18451 | Orc:2    | Reached skill level 11 in Stealth
 19148 | Orc:2    | Mangled by a sixfirhy

Illustrated notes

Levels and vault maps discovered:
D:1:      minmay_arrival_checkered_box, layout_rooms,
          hellmonk_ecumenical_altar_watching_god
D:2:      layout_basic, minmay_cupped, uniq_sigmund, uniq_crazy_yiuf_cottage
D:3:      layout_loops_ring, mainiacjoe_overflow_alcove_2,
          gammafunk_ghost_smash, uniq_ijyb, uniq_terence
D:4:      minmay_razor_zed, layout_layer_cave, serial_undead, serial_undead_e,
          serial_undead_c, serial_undead_a, serial_undead_b, minivault_23,
          uniq_menkaure, uniq_grinder
D:5:      layout_rooms, nicolae_elyvilon_peaceful_grove,
          minmay_temple_entry_enclosed_plants, gammafunk_ghost_cemetery,
          uniq_edmund
D:6:      layout_cave_pods, palyth_temple_overflow_mages,
          nicolae_ossuary_entry_catacombs, nicolae_water_bricks,
          roderic_lattice_a
D:7:      layout_loops_corners, enter_bailey_3
D:8:      minmay_diamond_stairs, layout_basic, mainiacjoe_overflow_alcove_4,
          nicolae_shop_fire_sale [nicolae_sub_dead_trees], supply_closet_lemuel,
          st_stairs_14, hangedman_abyss_or_decor_jellyfish_corner,
          uniq_gastronok
D:9:      layout_roguey, minmay_ruffians
D:10:     layout_roguey
D:11:     layout_loops_cross, minmay_lair_entry_grove, hiddenorc1_lemuel,
          uniq_snorg
D:12:     layout_loops_corners
Temple:   eino_temple_rhombus
Orc:1:    layout_diamond_mine, basic_altar
Orc:2:    st_orc_congregation, layout_diamond_mine, bh_open_orc_temple

Skill      XL: |  1  2  3  4  5  6  7  8  9 10 11 12 13 |
---------------+----------------------------------------+-----
Short Blades   | 2 3 4 5 7 8 9 |  9.2
Dodging        | 3 4 5 6 7 8 9 |  9.0
Fighting       | 1 2 3 4 5 6 7 |  7.5
Hexes          | 4 5 6 7 8 9 10 | 10.6
Stealth        | 5 6 7 8 9 10 11 | 11.0
Spellcasting   | 3 4 5 6 7 |  7.4
Armour         | 1 2 3 4 5 |  5.2
Invocations    | 2 5 6 7 8 |  8.8
Crossbows      | 1 3 5 6 |  6.3
Summonings     | 1 2 3 4 |  4.5

Action                   |  1- 3 |  4- 6 |  7- 9 | 10-12 | 13-15 || total
-------------------------+-------+-------+-------+-------+-------++-------
Melee: Dagger            |    46 |    73 |   394 |   599 |     9 ||  1121
       Punch             |       |     2 |     8 |     4 |     7 ||    21
       Short sword       |       |       |       |       |   343 ||   343
 Fire: Hand crossbow     |       |       |       |     1 |       ||     1
 Cast: Ensorcelled Hiber |     2 |    13 |    42 |   151 |    70 ||   278
       Confusing Touch   |       |       |    25 |    36 |    24 ||    85
       Summon Guardian G |       |       |     2 |     4 |     6 ||    12
       Dazzling Flash    |       |       |     1 |     1 |       ||     2
       Tukima's Dance    |       |       |       |     3 |     5 ||     8
Invok: Wall of Briars    |       |       |       |       |     3 ||     3
       Grow Ballistomyce |       |       |       |       |     1 ||     1
  Use: Potion            |       |     2 |       |     2 |     1 ||     5
       Scroll            |       |       |       |    17 |     1 ||    18
 Stab: Sleeping          |    27 |    11 |    84 |   141 |    43 ||   306
       Distracted        |       |       |     3 |     5 |     7 ||    15
       Confused          |       |       |    28 |    38 |    24 ||    90
       Invisible         |       |       |       |       |     3 ||     3
       Fleeing           |       |       |       |       |     1 ||     1
Armor: Robe              |     2 |     1 |    24 |       |       ||    27
       Leather armour    |       |       |    32 |   100 |    60 ||   192
Dodge: Dodged            |    17 |    93 |   235 |   432 |   301 ||  1078

Table legend: (Time is in decaauts)
 A = Elapsed time spent in this place.
 B = Non-inter-level travel time spent in this place.
 C = Inter-level travel time spent in this place.
 D = Time resting spent in this place.
 E = Time spent auto-exploring this place.
 F = Levels seen in this place.
 G = Mean time per level.
                   A        B        C        D        E       F      G
               +--------+--------+--------+--------+--------+-----+--------+
         Total |  18697 |  15493 |   3204 |   3799 |   7064 |  17 | 1099.8 |
       Dungeon |  13594 |  11270 |   2324 |   1802 |   6786 |  12 | 1132.8 |
        Temple |    250 |    218 |     32 |      0 |    199 |   1 |  250.0 |
  Orcish Mines |   3628 |   2780 |    848 |   1494 |     41 |   2 | 1814.0 |
       Ossuary |    477 |    477 |      0 |    141 |      0 |   1 |  477.0 |
        Bailey |    746 |    746 |      0 |    362 |     38 |   1 |  746.0 |
               +--------+--------+--------+--------+--------+-----+--------+

Top non-repeatable levels by time:
   Orc:2: 2069 daAuts
     D:2: 1985 daAuts
     D:4: 1719 daAuts
   Orc:1: 1559 daAuts
     D:6: 1531 daAuts
     D:8: 1328 daAuts
     D:3: 1162 daAuts
    D:11: 1107 daAuts
     D:7: 1087 daAuts
     D:9: 1073 daAuts
     D:5: 1043 daAuts
  Bailey: 746 daAuts
    D:10: 650 daAuts
     D:1: 548 daAuts
 Ossuary: 477 daAuts
